 Dungeon Crawl Stone Soup version 0.28-a0-726-g4a9143789a (webtiles) character file.

Game seed: 8960062632594139023

340 lawman0 the Chiller (level 6, -1/40 (44) HPs)
             Began as a Barachi Ice Elementalist on Oct 27, 2021.
             Slain by a wight (4 damage)
             ... on level 5 of the Dungeon.
             The game lasted 00:08:31 (4062 turns).

lawman0 the Chiller (Barachi Ice Elementalist)      Turns: 4062, Time: 00:08:31

HP:   -1/40 (44)    AC:  5    Str: 10    XL:     6   Next: 56%
MP:   8/11          EV: 11    Int: 17    God:
Gold: 1768          SH:  3    Dex: 12    Spells: 2/12 levels left

rFire   . . .      SeeInvis .   h - +0 trident
rCold   . . .      Faith    .   x - +0 buckler
rNeg    . . .      Spirit   .   i - +0 leather armour
rPois   .          Reflect  .   j - +1 helmet
rElec   .          Harm     .   (no cloak)
rCorr   .          Rampage  .   (no gloves)
Will    .....                   (no boots)
Stlth   ++........              (no amulet)
HPRegen 0.13/turn               g - ring of flight
MPRegen 0.12/turn               (no ring)

@: freezing walls, flying, drained, slow
A: amphibious, slowness 1, strong legs 1, +LOS
a: Hop


You were on level 5 of the Dungeon.
You visited 1 branch of the dungeon, and saw 5 of its levels.

You collected 1768 gold pieces.

Inventory:

Hand Weapons
 b - a +0 dagger
 h - a +0 trident (weapon)
Armour
 i - a +0 leather armour (worn)
 j - a +1 helmet (worn)
 k - a +3 chain mail of fire resistance
 x - a +0 buckler (worn)
Jewellery
 g - a ring of flight (left hand)
Wands
 f - a wand of polymorph (8)
Scrolls
 d - a scroll of magic mapping {unknown}
 e - a scroll of enchant weapon {unknown}
 p - a scroll of identify {unknown}
 r - a scroll of enchant armour {unknown}
 s - a scroll of blinking {unknown}
 t - a scroll of noise {unknown}
 y - a scroll of holy word {unknown}
Potions
 l - 2 potions of mutation {unknown}
 m - a potion of curing {unknown}
 n - a potion of heal wounds {unknown}
 o - a potion of flight {unknown}
 q - 2 potions of ambrosia {unknown}
 u - a potion of invisibility {unknown}
 v - a potion of degeneration {unknown}
 w - a potion of might {unknown}
 z - a potion of brilliance {unknown}


   Skills:
 * Level 1.9 Fighting
 + Level 0.7 Armour
 + Level 2.4 Dodging
 + Level 2.5 Stealth
 + Level 3.5 Spellcasting
 * Level 1.8 Conjurations
 * Level 7.2 Ice Magic


You had 2 spell levels left.
You knew the following spells:

 Your Spells              Type           Power      Damage    Failure   Level
a - Freeze                Ice            100%       1d11      1%          1
b - Frozen Ramparts       Ice            54%        1d7       6%          3
c - Hailstorm             Conj/Ice       18%        3d6       50%         4
d - Poisonous Vapours     Pois/Air       4%         N/A       50%         2

Your spell library contained the following spells:

 Spells                   Type           Power      Damage    Failure   Level
 Sting                    Tmut/Pois      8%         1d3       36%         1
 Ozocubu's Armour         Ice            27%        N/A       6%          3
 Olgreb's Toxic Radiance  Pois           2%         N/A       98%         4
 Alistair's Intoxication  Tmut/Pois      1%         N/A       100%        5
 Borgnjor's Vile Clutch   Necr/Erth      1%         N/A       100%        5
 Eringya's Noxious Bog    Tmut/Pois      1%         N/A       100%        6


Dungeon Overview and Level Annotations

Branches:
Dungeon (5/15)
 Temple: D:4-7

Altars:
Cheibriados
Nemelex Xobeh
Okawaru
Qazlal
Uskayaw


Innate Abilities, Weirdness & Mutations

You are amphibious.
You cover ground slowly.
You can hop short distances.
You have an extended range of vision and can be seen from far away.


Message History

Confirm with . or Enter, or press ? or * to list all spells.
The spell is extremely dangerous to cast (50% risk of failure)!
Continue anyway?
Okay, then.
Casting: Hailstorm (extremely dangerous; 50% risk of failure)
Confirm with . or Enter, or press ? or * to list all spells.
Casting: Frozen Ramparts (dangerous; 6% risk of failure)
Press: ? - help, Dir - look around, f - activate The walls around you are covered in ice.
The wight completely resists.
The wall freezes the wight but does no damage.
You barely miss the wight.
The wight resists.
The wall freezes the wight.
The wight resists.
The wall freezes the wight.
The wight completely resists.
The wall freezes the wight but does no damage.
You block the wight's attack.
A wight comes into view. It is wielding a +0 flail.
You hit the wight.
The wight is moderately damaged.
The wight resists.
The wall freezes the wight.
The wight closely misses you.
The wight completely resists.
The wall freezes the wight but does no damage.
The wight hits you with a +4 scimitar!
The wight resists.
The wall freezes the wight.
As you read the scroll labelled TAUDYTT LYFU, it crumbles to dust.
You assume a fearsome visage.
The wight is unaffected. x3
It was a scroll of fear.
The wight completely resists.
The wall freezes the wight but does no damage.
The wight hits you with a +4 scimitar!
You feel drained.
The wight resists.
The wall freezes the wight.
The wight resists.
The wall freezes the wight.
The wight misses you.
As you read the scroll labelled FAESEYG RAETRE, it crumbles to dust.
The scroll dissolves into smoke.
It was a scroll of fog.
The wight resists.
The wall freezes the wight.
You block the wight's attack.
The wight resists.
The wall freezes the wight.
The wight hits you with a +0 flail.
* * * LOW HITPOINT WARNING * * *
You feel drained.
The wight completely resists.
The wall freezes the wight but does no damage.
The wight hits you with a +4 war axe!
* * * LOW HITPOINT WARNING * * *
You feel drained.
You die...

.....##<..#.##........#
.............#.#####.##
.............#.# #.#
########.#...#.# #.#
.............#.. .#.#
........##..######.#.#
........ #... .§§§ #.#
........
#.#####z###.####
........
#....§z@z......#
........
######§§########
........ #§§# .....#
#..# ###.## #... # ##?#
.# #.. .# ### .#


You could see 3 wights.

Vanquished Creatures
  An orc priest (D:3)
  2 hounds
  An iguana (D:5)
  Ijyb (D:3)
  Robin (D:3)
  4 gnolls (D:4)
  3 adders
  An adder skeleton (D:4)
  3 dart slugs
  11 orcs
  9 ball pythons
  7 bats
  8 endoplasms
  2 giant cockroaches (D:2)
  20 goblins
  8 hobgoblins
  A quokka (D:2)
  6 frilled lizards
  9 kobolds
  A rat (D:2)
99 creatures vanquished.

Notes
Turn   | Place    | Note
-------+----------+-------------------------------------------
     0 | D:1      | lawman0 the Barachi Ice Elementalist began the quest for
                  | the Orb.
     0 | D:1      | Reached XP level 1. HP: 13/13 MP: 3/3
     0 | D:1      | whatever vehumet you win
     0 | D:1      | I hate this garbage species
    91 | D:1      | Reached skill level 5 in Ice Magic
   178 | D:1      | Reached XP level 2. HP: 19/19 MP: 3/5
   786 | D:1      | Reached XP level 3. HP: 21/25 MP: 3/6
   790 | D:1      | Learned a level 3 spell: Frozen Ramparts
  1537 | D:2      | Identified 2 scrolls of acquirement
  1537 | D:2      | Acquired 736 gold pieces
  1539 | D:2      | Acquired 876 gold pieces
  1541 | D:2      | haha ok
  1959 | D:3      | Reached skill level 1 in Fighting
  1959 | D:3      | Reached XP level 4. HP: 32/32 MP: 3/7
  2011 | D:3      | Reached skill level 6 in Ice Magic
  2403 | D:3      | Learned a level 4 spell: Hailstorm
  2510 | D:3      | Reached XP level 5. HP: 37/37 MP: 5/9
  2597 | D:3      | Noticed Robin
  2598 | D:3      | Noticed Ijyb
  2609 | D:3      | Killed Robin
  2610 | D:3      | Reached skill level 1 in Conjurations
  2781 | D:3      | Killed Ijyb
  2983 | D:4      | Found a hide-covered altar of Uskayaw.
  3067 | D:4      | Noticed an orc warrior
  3079 | D:4      | an orc warrior changed into a hound
  3176 | D:4      | Reached XP level 6. HP: 44/44 MP: 5/11
  3467 | D:4      | Found a sparkling altar of Nemelex Xobeh.
  3467 | D:4      | Found an iron altar of Okawaru.
  3467 | D:4      | Found a snail-covered altar of Cheibriados.
  3565 | D:4      | Found a stormy altar of Qazlal.
  3638 | D:5      | Entered Level 5 of the Dungeon
  3652 | D:5      | Reached skill level 7 in Ice Magic
  3854 | D:5      | Learned a level 2 spell: Poisonous Vapours
  4062 | D:5      | Slain by a wight

Illustrated notes ####.# #@>..# ####.# Turn 0 on D:1: whatever vehumet you win

#
#####..#....
# ##.#.#.# #
#.#.#.# #
#.....### #
##..#...# #
#..#†#.# #
####.#.#.#
+........#
#.#.>#@..#
#.....).##
#.#.......
#....##.#.#
...##. ...#
.... ## ...#
... ... .
...# ...#


Turn 1541 on D:2: haha ok

Levels and vault maps discovered:
D:1:      dpeg_arrival_tiny_k, layout_basic
D:2:      layout_basic
D:3:      layout_basic, mainiacjoe_overflow_alcove_1, uniq_robin, uniq_ijyb
D:4:      layout_basic, gammafunk_temple_overflow_claw,
          grunt_temple_overflow_open, roderic_three_in_a_row
D:5:      layout_basic

Skill      XL: |  1  2  3  4  5  6 |
---------------+-------------------+-----
Ice Magic      | 5 6 7 |  7.2
Stealth        | 2 |  2.5
Fighting       | 1 |  1.9
Spellcasting   | 3 |  3.5
Conjurations   | 1 |  1.8
Armour         | |  0.7
Dodging        | |  2.4

Action                   |  1- 3 |  4- 6 || total
-------------------------+-------+-------++-------
Melee: Dagger            |    12 |       ||    12
       Trident           |     9 |    38 ||    47
 Cast: Freeze            |    60 |    35 ||    95
       Frozen Ramparts   |     1 |    14 ||    15
Evoke: Wand              |       |     1 ||     1
  Use: Scroll            |     2 |     2 ||     4
 Stab: Sleeping          |     3 |     5 ||     8
Armor: Robe              |     8 |       ||     8
       Leather armour    |     3 |    16 ||    19
Dodge: Dodged            |    42 |    45 ||    87
Block: Buckler           |       |     2 ||     2

Table legend: (Time is in decaauts)
 A = Elapsed time spent in this place.
 B = Non-inter-level travel time spent in this place.
 C = Inter-level travel time spent in this place.
 D = Time resting spent in this place.
 E = Time spent auto-exploring this place.
 F = Levels seen in this place.
 G = Mean time per level.
                   A        B        C        D        E       F      G
               +--------+--------+--------+--------+--------+-----+--------+
         Total |   4456 |   4385 |     71 |    711 |   2891 |   5 |  891.2 |
       Dungeon |   4456 |   4385 |     71 |    711 |   2891 |   5 |  891.2 |
               +--------+--------+--------+--------+--------+-----+--------+

Top non-repeatable levels by time:
     D:1: 1331 daAuts
     D:4: 988 daAuts
     D:3: 914 daAuts
     D:2: 734 daAuts
     D:5: 488 daAuts
